 Dungeon Crawl Stone Soup version 0.17.0-26-gececa24 (console) character file.

74 gw the Insei (level 4, -3/35 HPs)
             Began as a Human Monk on Nov 20, 2015.
             Slain by Sigmund
             ... wielding a +0 scythe
              (11 damage)
             ... on level 2 of the Dungeon.
             The game lasted 00:01:51 (2481 turns).

gw the Insei (Human Monk)                           Turns: 2481, Time: 00:01:51

Health: -3/35      AC:  7    Str: 11    XL:     4   Next: 54%
Magic:  4/4        EV: 11    Int: 11    God:
Gold:   53         SH:  0    Dex: 16    Spells: 0 memorised, 3 levels left

rFire  . . .     SeeInvis .       - Unarmed
rCold  . . .     Clarity  .     i - +1 ring mail
rNeg   . . .     SustAt   .     (no shield)
rPois  .         Gourm    .     (no helmet)
rElec  .         Spirit   .     (no cloak)
rCorr  .         Warding  .     (no gloves)
rMut   .         Stasis   .     (no boots)
MR     .....                    (no amulet)
Stlth  +.........               (no ring)
                                (no ring)

@: drained, not resistant to hostile enchantments, very unstealthy
A: talons 1, molten scales 1, spit poison 1
a: Spit Poison


You were on level 2 of the Dungeon.
You were not hungry.

You visited 1 branch of the dungeon, and saw 2 of its levels.

You collected 53 gold pieces.

Inventory:

Missiles
 c - 71 stones (quivered)
 f - 13 poisoned needles
Armour
 i - a +1 ring mail (worn)
Scrolls
 a - a scroll of remove curse
 d - a scroll of enchant weapon {unknown}
Potions
 e - a potion of curing
 g - a potion of cancellation {unknown}
Comestibles
 b - 2 bread rations
 h - a royal jelly


   Skills:
 + Level 3.3(2.4) Fighting
 + Level 0.6(0.0) Throwing
 + Level 1.8(0.9) Armour
 - Level 3.0(2.1) Dodging
 - Level 2.0(1.1) Stealth
 * Level 4.9(4.0) Unarmed Combat


You had 3 spell levels left.
You didn't know any spells.

Dungeon Overview and Level Annotations

Branches:
Dungeon (2/15)

Altars:

Annotations:
D:2 Sigmund


Innate Abilities, Weirdness & Mutations

You have sharp toenails.
You are partially covered in molten scales (AC +1).
You can spit weak poison.


Message History

ATTACK MOVE TO (-1,0)
You hear a zap.
A puff of flame appears from out of thin air!
The puff of flame hits you!
ATTACK MOVE TO (1,-1)
You hear a zap.
A puff of flame appears from out of thin air!
The puff of flame hits you!
ATTACK MOVE TO (-1,-1)
You hear a zap.
A puff of flame appears from out of thin air!
The puff of flame hits you!
ATTACK MOVE TO (-1,0)
You hear a zap.
A puff of flame appears from out of thin air!
The puff of flame hits you!
ATTACK MOVE TO (1,1) ATTACK MOVE TO (0,1)
Something hits you!
You die...

#.........>......
##...............
######...............
#......#........###.#
#..............# #..
########.#...... . .
#.....)....>#.## #
#.......#....... #
#....p......#... #
#.......#.....## #
######%###.##.. #
#(.# ..##.. #.# ##.#
..# ## ... (# # ...
.( ... #.. (.. $( ...


There were no monsters in sight!

Table legend:
 A = Turns spent in this place as a percentage of turns spent in the entire game.
 B = Non-inter-level travel turns spent in this place as a percentage of non-inter-level travel turns spent in the entire game.
 C = Inter-level travel turns spent in this place as a percentage of turns spent in this place.
 D = Turns resting spent in this place as a percentage of non-inter-level travel turns spent in this place.
 E = Turns spent auto-exploring this place as a percentage of non-inter-level travel turns spent in this place.
 F = Non-inter-level travel turns spent in this place divided by the number of levels of this place that you've seen.
                   A       B       C       D       E      F
               +-------+-------+-------+-------+-------+----------------------
         Total | 100.0 | 100.0 |   0.2 |   1.1 |   2.0 | 1824.0
       Dungeon | 100.0 | 100.0 |   0.2 |   1.1 |   2.0 | 1824.0
               +-------+-------+-------+-------+-------+----------------------

Table legend:
 A = Kills in this place as a percentage of kills in entire the game.
 B = Kills by you in this place as a percentage of kills by you in the entire game.
 C = Kills by friends in this place as a percentage of kills by friends in the entire game.
 D = Other kills in this place as a percentage of other kills in the entire game.
 E = Experience gained in this place as a percentage of experience gained in the entire game.
 F = Experience gained in this place divided by the number of levels of this place that you have seen.
                   A       B       C       D       E      F
               +-------+-------+-------+-------+-------+----------------------
         Total | 100.0 | 100.0 |  -nan |  -nan | 100.0 |  53.5
       Dungeon | 100.0 | 100.0 |  -nan |  -nan | 100.0 |  53.5
               +-------+-------+-------+-------+-------+----------------------

Vanquished Creatures
  2 adders
  An ooze (D:1)
  A giant gecko (D:2)
  A ball python (D:1)
  4 bats
  7 hobgoblins
  6 jackals
  6 kobolds
  A quokka (D:2)
  3 giant newts
  9 goblins
  7 rats
48 creatures vanquished.

Notes
Turn   | Place    | Note
--------------------------------------------------------------
     0 | D:1      | gw the Human Monk began the quest for the Orb.
     0 | D:1      | Reached XP level 1. HP: 18/18 MP: 1/1
   165 | D:1      | Reached XP level 2. HP: 8/24 MP: 2/2
   219 | D:1      | Reached skill level 1 in Armour
   683 | D:1      | Reached XP level 3. HP: 29/29 MP: 3/3
  1728 | D:1      | Gained mutation: You have sharp toenails. [potion of mutation]
  1728 | D:1      | Gained mutation: You are partially covered in molten scales (AC +1). [potion of mutation]
  1728 | D:1      | Gained mutation: You can spit weak poison. [potion of mutation]
  2015 | D:2      | Reached XP level 4. HP: 31/35 MP: 4/4
  2469 | D:2      | Noticed Sigmund
  2481 | D:2      | Slain by Sigmund

Action                   |  1- 3 |  4- 6 || total
-------------------------+-------+-------++-------
Melee: Unarmed           |   120 |    61 ||   181
Throw: Stone             |    61 |    46 ||   107
  Use: Scroll            |     6 |       ||     6
       Potion            |     3 |       ||     3
 Stab: Sleeping          |     3 |       ||     3
  Eat: Chunk             |     3 |     2 ||     5

Vault maps used:
D:1:      dpeg_arrival_short_road, serial_forest, infiniplex_forest_fountain,
          infiniplex_forest_lined_4_way, infiniplex_forest_3_way,
          infiniplex_forest_straight_3, infiniplex_forest_clump_curved,
          infiniplex_forest_lined_corner, infiniplex_forest_split,
          infiniplex_forest_lined_room_, infiniplex_forest_lined_3_way
D:2:      uniq_sigmund
